 Dungeon Crawl Stone Soup version 0.31-a0-542-gdc2a67831c (webtiles) character file.

Game seed: 13346313708341686529

79 AdnanSaban the Covered (level 4, -2/29 HPs)
             Began as a Gargoyle Fighter on Aug 13, 2023.
             Slain by Terence
             ... wielding a +7 flail of protection
              (4 damage)
             ... on level 3 of the Dungeon on Aug 14, 2023.
             The game lasted 00:01:52 (1966 turns).

AdnanSaban the Covered (Gargoyle Fighter)           Turns: 1966, Time: 00:01:53

Health: -2/29      AC: 10    Str: 21    XL:     4   Next: 38%
Magic:  4/4        EV:  9    Int:  9    God:
Gold:   139        SH:  4    Dex:  9    Spells: 3/3 levels left

rFire   . . .        a - +0 flail
rCold   . . .        c - +0 buckler
rNeg    + . .        b - +0 scale mail
rPois   ∞            (no helmet)
rElec   +            (no cloak)
rCorr   .            (no gloves)
SInv    .            (no boots)
Will    .....        (no amulet) Stlth
                     (no ring)
HPRegen 0.24/turn    (no ring)
MPRegen 0.09/turn

%: no passive effects
@: no status effects
A: sickness immunity, AC +3, negative energy resistance 1, electricity
resistance, torment resistance 1, petrification resistance
a: no special abilities


You were on level 3 of the Dungeon.
You visited 1 branch of the dungeon, and saw 3 of its levels.

You collected 139 gold pieces.

Inventory:

Hand Weapons
 a - a +0 flail (weapon)
Armour
 b - a +0 scale mail (worn)
 c - a +0 buckler (worn)
Scrolls
 e - 2 scrolls of enchant weapon {unknown}
 f - a scroll of acquirement {unknown}
 g - a scroll of poison {unknown}
 h - 3 scrolls of identify {unknown}
 j - a scroll of revelation {unknown}
 k - a scroll of amnesia {unknown}
 l - a scroll of fog {unknown}
 o - a scroll of teleportation {unknown}
Potions
 d - a potion of might
 i - a potion of curing {unknown}
 m - a potion of enlightenment {unknown}
 n - 2 potions of degeneration {unknown}
 p - a potion of cancellation {unknown}
 q - a potion of magic {unknown}


   Skills:
 + Level 3.8 Fighting
 + Level 3.2 Maces & Flails
 + Level 4.0 Armour
 + Level 0.2 Stealth
 + Level 3.6 Shields


You had 3 spell levels left.
You didn't know any spells.
Your spell library contained the following spells:

 Spells                   Type           Power      Damage    Failure   Level
 Ensorcelled Hibernation  Hex/Ice        0%         N/A       89%         2
 Poisonous Vapours        Pois/Air       0%         N/A       89%         2
 Mephitic Cloud           Conj/Pois/Air  0%         N/A       98%         3
 Ozocubu's Armour         Ice            0%         N/A       98%         3
 Petrify                  Tmut/Erth      0%         N/A       100%        4
 Freezing Cloud           Conj/Ice/Air   0%         6-21      100%        5
 Ozocubu's Refrigeration  Ice            0%         4d7       100%        7


Dungeon Overview and Level Annotations

Branches:
Dungeon (3/15)

Altars:
Kikubaaqudgha

Annotations:
D:3 Terence


Innate Abilities, Weirdness & Mutations

You are immune to sickness and miasma.
Your stone body is resilient. (AC +3)
You are immune to poison.
You resist negative energy. (rN+)
You are resistant to electric shocks. (rElec)
You are resistant to unholy torment.
You are immune to petrification.


Message History

You are too injured to fight recklessly!
You are too injured to fight recklessly!
You are too injured to fight recklessly!
You are too injured to fight recklessly!
You are too injured to fight recklessly!
You are too injured to fight recklessly!
You are too injured to fight recklessly!
You are too injured to fight recklessly!
You are too injured to fight recklessly!
You are too injured to fight recklessly!
You are too injured to fight recklessly!
You are too injured to fight recklessly!
You are too injured to fight recklessly!
You are too injured to fight recklessly!
You are too injured to fight recklessly!
You are too injured to fight recklessly!
You barely miss Terence. Terence hits you but does no damage.
You block Terence's attack.
You barely miss Terence. Terence barely misses you.
You barely miss Terence. Terence completely misses you.
You hit Terence.
Terence is moderately wounded.
Terence hits you with a +7 flail of protection!
* * * LOW HITPOINT WARNING * * *
You hit Terence but do no damage.
Terence is moderately wounded.
Terence hits you with a +7 flail of protection.
* * * LOW HITPOINT WARNING * * *
Terence barely misses you.
You barely miss Terence.
Terence is moderately wounded.
Terence barely misses you.
You hit Terence but do no damage.
Terence is moderately wounded.
Terence barely misses you.
You barely miss Terence.
Terence is moderately wounded.
Terence closely misses you.
Terence hits you with a +7 flail of protection.
You die...

#.# #.#### #
#....#.#
#......# #...>#
#.# #.# #@#
##@# #..# #.##
#.#########
#####.##.......
#..........#
#..⌠~~⌠~~⌠.#
###.~......⌠.#
##
#...P.####.~.#


You could see Terence.

Vanquished Creatures
  2 adders
  4 worms
  5 endoplasms
  3 giant cockroaches
  5 hobgoblins
  3 kobolds (D:2)
  2 quokkas (D:1)
  2 ball pythons
  7 bats
  4 frilled lizards
  6 goblins
  4 rats
47 creatures vanquished.

Notes
Turn   | Place    | Note
-------+----------+-------------------------------------------
     0 | D:1      | AdnanSaban the Gargoyle Fighter began the quest for the
                  | Orb.
     0 | D:1      | Reached XP level 1. HP: 14/14 MP: 1/1
   240 | D:1      | Reached XP level 2. HP: 19/19 MP: 2/2
   975 | D:2      | Reached XP level 3. HP: 22/24 MP: 3/3
  1368 | D:2      | Reached XP level 4. HP: 27/29 MP: 4/4
  1443 | D:2      | Got the Anthology of Hypothermia and Flesh
  1684 | D:3      | Found an ancient bone altar of Kikubaaqudgha.
  1869 | D:3      | Reached skill level 4 in Armour
  1934 | D:3      | Found a faded altar of an unknown god.
  1951 | D:3      | Noticed Terence
  1963 | D:3      | HP: 1/29 [Terence/+7 flail of protection (4)]
  1966 | D:3      | Slain by Terence

Illustrated notes

Levels and vault maps discovered:
D:1:      minmay_arrival_doors, layout_basic
D:2:      layout_loops_ring
D:3:      layout_loops_ring, mainiacjoe_overflow_catch_the_wave,
          shapermc_ecumenical_altar_acropolis, gammafunk_ghost_arena,
          uniq_terence

Skill      XL: |  1  2  3  4 |
---------------+-------------+-----
Maces & Flails | 3 |  3.2
Armour         | 4 |  4.0
Fighting       | |  3.8
Stealth        | |  0.2
Shields        | |  3.6

Action                     |  1- 3 |  4- 6 || total
---------------------------+-------+-------++-------
  Melee: Flail             |   120 |    72 ||   192
 Armour: Scale mail        |    65 |    30 ||    95
  Dodge: Dodged            |    64 |    32 ||    96
  Block: Buckler           |    27 |    13 ||    40

Table legend: (Time is in decaauts)
 A = Elapsed time spent in this place.
 B = Non-inter-level travel time spent in this place.
 C = Inter-level travel time spent in this place.
 D = Time resting spent in this place.
 E = Time spent auto-exploring this place.
 F = Levels seen in this place.
 G = Mean time per level.
                   A        B        C        D        E       F      G
               +--------+--------+--------+--------+--------+-----+--------+
         Total |   2023 |   1964 |     59 |      0 |   1550 |   3 |  674.3 |
       Dungeon |   2023 |   1964 |     59 |      0 |   1550 |   3 |  674.3 |
               +--------+--------+--------+--------+--------+-----+--------+

Top non-repeatable levels by time:
     D:1: 951 daAuts
     D:2: 771 daAuts
     D:3: 300 daAuts
